 Dungeon Crawl Stone Soup version 0.24-a0-307-gf989941 (webtiles) character file.

Game seed: 4615311971316216535

19024 epen the Slicer (level 12, -46/66 HPs)
             Began as a Vine Stalker Berserker on May 13, 2019.
             Was the Champion of Trog.
             Killed from afar by Frances (60 damage)
             ... with an iron shot
             ... on level 12 of the Dungeon.
             The game lasted 00:25:10 (10709 turns).

epen the Slicer (Vine Stalker Berserker)           Turns: 10709, Time: 00:25:11

Health: -46/66     AC: 16    Str: 22    XL:     12   Next: 64%
Magic:  0/4        EV: 17    Int:  7    God:    Trog [******]
Gold:   677        SH:  0    Dex: 15    Spells: 11/11 levels left

rFire    . . .     SeeInvis .   B - +5 quick blade (antimagic)
rCold    . . .     Gourm    .   (no shield)
rNeg     . . .     Faith    +   P - +2 troll leather armour {Snorg}
rPois    .         Spirit   +   x - +0 helmet
rElec    .         Reflect  .   t - +2 cloak
rCorr    .         Harm     .   I - +0 pair of gloves
MR       ++...     Clarity  +   r - +2 pair of boots
Stlth    +.........             p - amulet of faith
HPRegen  1.41/turn              D - +1 ring of slaying
MPRegen  0.09/turn              L - ring of protection from magic

@: about to teleport
A: fangs 3, clarity, high mp 1, regeneration 2, weak 1, magic shield, antimagic
bite, no potion heal 3, rot immunity
a: Berserk, Trog's Hand, Brothers in Arms, Renounce Religion


You were on level 12 of the Dungeon.
You worshipped Trog.
Trog was exalted by your worship.
You were not hungry.

You visited 1 branch of the dungeon, and saw 12 of its levels.
You also visited: Sewer.

You collected 677 gold pieces.

Inventory:

Hand Weapons
 a - a +0 short sword
 m - a +3 dagger of draining
 B - a +5 antimagic quick blade (weapon)
 K - a +2 scimitar of flaming
Missiles
 d - 10 boomerangs (quivered)
Armour
 b - a +0 animal skin
 l - a +0 chain mail
 r - a +2 pair of boots (worn)
 t - a +2 cloak (worn)
 x - a +0 helmet (worn)
 I - a +0 pair of gloves (worn)
 P - a +2 troll leather armour (worn) {Snorg}
Jewellery
 i - a +3 ring of strength
 k - an uncursed ring of ice
 p - an amulet of faith (around neck)
 D - a +1 ring of slaying (left hand)
 L - a ring of protection from magic (right hand)
 M - an uncursed ring of magical power
 T - an uncursed ring of protection from fire {unknown}
 U - an uncursed amulet of magic regeneration {unknown}
Wands
 s - a wand of random effects (44)
 F - a wand of paralysis (6)
 H - a wand of disintegration (20)
 J - a wand of acid (7)
 N - a wand of polymorph (7)
 W - a wand of enslavement (8)
 Z - a wand of iceblast (10)
Scrolls
 e - a scroll of magic mapping
 j - 8 scrolls of remove curse
 n - 3 scrolls of amnesia
 v - 3 scrolls of teleportation
 y - 8 scrolls of identify
 E - 2 scrolls of enchant armour
 Q - a scroll of summoning {unknown}
 V - a scroll of noise {unknown}
Potions
 f - 4 potions of brilliance {unknown}
 g - 7 potions of heal wounds
 h - 3 potions of curing
 o - 2 potions of degeneration
 q - a potion of cancellation {unknown}
 u - 4 potions of might
 z - 3 potions of flight {unknown}
 A - 2 potions of magic
 G - 3 potions of lignification {unknown}
 O - 2 potions of berserk rage {unknown}
 R - a potion of resistance {unknown}
 S - a potion of ambrosia {unknown}
 Y - a potion of agility
Comestibles
 c - 16 rations
 X - 2 chunks of flesh


   Skills:
 + Level 9.0 Fighting
 * Level 12.1 Short Blades
 + Level 8.0 Armour
 + Level 8.0 Dodging


You had 11 spell levels left.
You didn't know any spells.
Your spell library was empty.

Dungeon Overview and Level Annotations

Branches:
Dungeon (12/15)            Temple (0/1) D:4            Lair (0/6) D:8
    Orc (0/2) D:12

Altars:
Ashenzari
Dithmenos
Elyvilon
Fedhas
Gozag
Hepliaklqana
Makhleb
Okawaru
Sif Muna
Trog
Uskayaw
Xom
Yredelemnul
Zin

Shops:
D:7 !

Annotations:
D:3 2 transporters, nikopol's ghost, amateur DEFE
D:8 1 runed translucent door
D:12 Frances


Innate Abilities, Weirdness & Mutations

You have razor-sharp teeth.
You heal very quickly.
When hurt, damage is shared between your health and your magic reserves.
Your bite disrupts and absorbs the magic of your enemies.
Potions cannot restore your health.
You are immune to rotting.
You possess an exceptional clarity of mind.
You have an increased reservoir of magic. (+10% MP)
You are weak. (Str -2)


Message History

Press: ? - help, Shift-Dir - straight line, f/p - Frances
Aim: Frances, wielding a +0 long sword and wearing a +0 ring mail (lightly wounded, slow, poisoned)
You throw a curare-tipped dart.
The curare-tipped dart barely misses Frances.
Frances whispers indecipherable words.
The iron shot hits you!!
* * * LOW HITPOINT WARNING * * *
Okay, then.
Okay, then.
Okay, then.
Okay, then.
As you read the scroll of teleportation, it crumbles to dust.
You feel strangely unstable.
Okay, then.
Your iron troll goes berserk!
You feel quite a bit more hungry.
Frances chants phrases taken from a devil's mouth.
The iron shot hits you!!!
Ouch! That really hurt!
You die...

#># #.. ### #####+###
........#
......T.#######
........+.....##########
(...@..@#####..........#
........# ##########..
........# ### ........#
........# ........#
........# #########


You could see Frances and a friendly iron troll (berserk).

Vanquished Creatures
  Jorgrun (D:12)
  Snorg (D:10)
  Erica (D:8)
  3 two-headed ogres
  An unseen horror (D:11)
  A manticore (D:12)
  A centaur skeleton (D:12)
  A kobold demonologist (D:12)
  3 trolls
  A merfolk (D:11)
  Grinder (D:3)
  4 hippogriffs
  Sigmund (D:5)
  9 yaks (D:12)
  3 wyverns
  Grum (D:8)
  2 hungry ghosts
  Menkaure (D:6)
  3 wargs (D:8)
  2 vampire mosquitoes (D:11)
  A water moccasin (D:9)
  10 orc warriors
  Duvessa (D:6)
  2 black bears
  3 sky beasts
  7 ice beasts
  2 eyes of draining
  2 phantoms (D:4)
  5 ogres
  A necrophage (D:8)
  3 wolves (D:8)
  6 centaurs
  2 crocodiles
  Blork the orc (D:6)
  4 big kobolds
  6 bullfrogs
  A gnoll sergeant (D:8)
  Dowan (D:6)
  4 scorpions
  A wyvern skeleton (D:7)
  A howler monkey (D:9)
  2 bullfrog zombies (D:12)
  2 crimson imps
  2 jellies (D:10)
  A quasit (D:9)
  A centaur zombie (D:7)
  5 hounds
  5 orc priests
  Crazy Yiuf (D:6)
  28 orc wizards
  2 bullfrog skeletons
  A gnoll shaman (D:6)
  4 iguanas
  8 worker ants
  5 worker ant zombies
  13 adders
  27 gnolls
  2 river rats (Sewer)
  A howler monkey skeleton (D:2)
  3 shadow imps
  2 oozes
  An adder skeleton (D:9)
  4 adder zombies
  2 worms (D:2)
  4 leopard geckos
  63 orcs
  A ball python (D:1)
  6 giant cockroaches
  9 goblins
  7 hobgoblins
  14 jackals
  7 quokkas
  A ball python skeleton (D:2)
  A bat (D:3)
  4 frilled lizards
  A giant cockroach zombie (D:2)
  2 jackal skeletons (D:2)
  24 kobolds
  A quokka skeleton (D:6)
  2 quokka zombies
  16 rats
  A spectral orc (D:6)
391 creatures vanquished.

Vanquished Creatures (others)
  An orc (D:12)
1 creature vanquished.

Grand Total: 392 creatures vanquished

Notes
Turn   | Place    | Note
-------+----------+-------------------------------------------
     0 | D:1      | epen the Vine Stalker Berserker began the quest for the
                  | Orb.
     0 | D:1      | Reached XP level 1. HP: 11/11 MP: 2/2
    68 | D:1      | Reached XP level 2. HP: 11/16 MP: 3/3
   172 | D:1      | Reached skill level 3 in Short Blades
   517 | D:1      | Reached XP level 3. HP: 19/19 MP: 4/4
   888 | D:1      | Reached ** piety under Trog
  1063 | D:2      | Found an iron altar of Okawaru.
  1094 | D:2      | Found a shimmering altar of Xom.
  1150 | D:2      | Gained mutation: Your natural rate of healing is unusually
                  | fast. [Vine Stalker growth]
  1150 | D:2      | Reached XP level 4. HP: 15/24 MP: 2/5
  1260 | D:2      | Reached XP level 5. HP: 28/28 MP: 6/6
  1391 | D:2      | Reached skill level 4 in Short Blades
  1508 | D:2      | Reached *** piety under Trog
  1805 | D:3      | Reached XP level 6. HP: 32/32 MP: 7/7
  1960 | D:3      | Noticed Grinder
  2058 | D:3      | Paralysed by Grinder for 6 turns
  2073 | D:3      | Killed Grinder
  2073 | D:3      | Reached skill level 5 in Short Blades
  2073 | D:3      | Reached XP level 7. HP: 31/37 MP: 6/8
  2233 | D:3      | Found a transporter.
  2234 | D:3      | Noticed nikopol's ghost (amateur DEFE)
  2234 | D:3      | Identified the +3 dire flail of Ecvoru {crush, rElec rF+}
  2294 | D:3      | epen: ??blowgun
  2294 | D:3      | beem: blowgun[1/1]: Blowguns shoot {needles}. For needles
                  | other than poison and curare: You have a flat 2% chance of
                  | affecting monsters with HD14 or less. In all other cases,
                  | or if this 2% chance fails, you will only affect a monster
                  | if 2+ 1d(4 + Throwing Skill + Blowgun enchantment) is
                  | greater than the monster's HD.
  2294 | D:3      | epen: ??darts
  2294 | D:3      | beem: ranged combat[1/3]: Launcher damage and delay works
                  | essentially the same way melee damage does.
  2294 | D:3      | epen: ??darts [1
  2294 | D:3      | beem: ranged combat[1/3]: Launcher damage and delay works
                  | essentially the same way melee damage does.
  2294 | D:3      | epen: ??darts [2
  2294 | D:3      | beem: ranged combat[2/3]: Nobody understood ranged combat.
  2294 | D:3      | epen: ??darts [3
  2294 | D:3      | beem: ranged combat[3/3]: Nobody understands ranged combat
                  | now, either.
  2376 | D:3      | Reached **** piety under Trog
  2490 | D:3      | Found a transporter.
  2536 | D:3      | Gained mutation: You are weak. (Str -2) [potion of
                  | mutation]
  2536 | D:3      | Gained mutation: You possess an exceptional clarity of
                  | mind. [potion of mutation]
  2536 | D:3      | Gained mutation: You have an increased reservoir of magic.
                  | (+10% MP) [potion of mutation]
  3085 | D:4      | Found a bloodstained altar of Trog.
  3091 | D:4      | Found a deep blue altar of Sif Muna.
  3092 | D:4      | Found a hazy altar of Hepliaklqana.
  3417 | D:4      | Found a staircase to the Ecumenical Temple.
  3750 | D:5      | Entered Level 5 of the Dungeon
  3796 | D:5      | Gained mutation: You have razor-sharp teeth. [Vine Stalker
                  | growth]
  3796 | D:5      | Reached XP level 8. HP: 42/42 MP: 9/9
  3834 | D:5      | Found a glowing drain.
  3849 | Sewer    | Entered a sewer
  3939 | Sewer    | Found a glowing silver altar of Zin.
  4031 | D:5      | Found a hide-covered altar of Uskayaw.
  4042 | D:5      | Noticed Sigmund
  4054 | D:5      | Reached skill level 6 in Short Blades
  4057 | D:5      | Killed Sigmund
  4253 | D:5      | Reached skill level 5 in Fighting
  4464 | D:5      | Found a burning altar of Makhleb.
  4810 | D:6      | Reached skill level 7 in Short Blades
  4894 | D:6      | Reached XP level 9. HP: 47/47 MP: 10/10
  4902 | D:6      | Reached ***** piety under Trog
  4963 | D:6      | Noticed Duvessa
  4965 | D:6      | Noticed Dowan
  4984 | D:6      | Killed Duvessa
  4988 | D:6      | Killed Dowan
  5124 | D:6      | Noticed Blork the orc
  5134 | D:6      | Killed Blork the orc
  5218 | D:6      | Found a runed translucent door.
  5219 | D:6      | Noticed Crazy Yiuf
  5264 | D:6      | Killed Crazy Yiuf
  5489 | D:6      | Noticed Menkaure
  5496 | D:6      | Killed Menkaure
  5808 | D:6      | Found a basalt altar of Yredelemnul.
  5863 | D:7      | Found a blossoming altar of Fedhas.
  5904 | D:7      | Reached skill level 5 in Armour
  5922 | D:7      | Reached skill level 8 in Short Blades
  5931 | D:7      | Reached skill level 5 in Dodging
  6042 | D:7      | Found a white marble altar of Elyvilon.
  6273 | D:7      | Found Wuleclaweth's Distillery.
  6574 | D:8      | Received a gift from Trog
  6592 | D:8      | Reached XP level 10. HP: 40/53 MP: 10/12
  6748 | D:8      | Found a shattered altar of Ashenzari.
  6770 | D:8      | Noticed Erica
  6783 | D:8      | Killed Erica
  6783 | D:8      | Reached skill level 9 in Short Blades
  6789 | D:8      | Noticed Grum
  6833 | D:8      | Killed Grum
  6876 | D:8      | Found a staircase to the Lair.
  6989 | D:8      | Noticed a sixfirhy
  6990 | D:8      | Found a runed translucent door.
  7415 | D:9      | Noticed a two-headed ogre
  7428 | D:9      | Killed a two-headed ogre
  7428 | D:9      | Reached skill level 10 in Short Blades
  7428 | D:9      | Reached XP level 11. HP: 58/58 MP: 4/13
  7541 | D:9      | Received a gift from Trog
  7652 | D:9      | Found an opulent altar of Gozag.
  7653 | D:9      | Found a glowing silver altar of Zin.
  7727 | D:9      | Noticed a two-headed ogre
  7745 | D:9      | Killed a two-headed ogre
  7848 | D:10     | Entered Level 10 of the Dungeon
  7856 | D:10     | Noticed Snorg
  7873 | D:10     | Killed Snorg
  9062 | D:11     | Found a shadowy altar of Dithmenos.
  9089 | D:11     | Reached ****** piety under Trog
  9298 | D:11     | Reached skill level 11 in Short Blades
  9324 | D:11     | Killed an unseen horror
  9566 | D:11     | Received a gift from Trog
  9601 | D:11     | Noticed a two-headed ogre
  9610 | D:11     | Killed a two-headed ogre
  9610 | D:11     | Gained mutation: You heal very quickly. [Vine Stalker
                  | growth]
  9610 | D:11     | Reached XP level 12. HP: 54/65 MP: 4/14
 10098 | D:12     | Noticed Jorgrun
 10451 | D:12     | Killed Jorgrun
 10451 | D:12     | Reached skill level 12 in Short Blades
 10455 | D:12     | Found a staircase to the Orcish Mines.
 10702 | D:12     | Noticed Frances
 10709 | D:12     | Killed from afar by Frances

Levels and vault maps discovered:
D:1:      dpeg_arrival_another_circle, layout_basic
D:2:      layout_rooms, okawaru_metal_pillars_1_2, xom_teletrap_fun,
          serial_undead, serial_undead_a, serial_undead_a, serial_undead_e,
          serial_undead_d, minmay_pentomino_pile
D:3:      layout_rooms, gammafunk_ghost_smash, uniq_grinder
D:4:      layout_layer_cave, minitemple, minmay_temple_entry_antechambers,
          first_ration
D:5:      layout_cave_pods, lemuel_crystal_altar, overflow_temple_1_default,
          portal_sewer_entry_d, st_stairs_3, hangedman_decor_slide_cut,
          kennysheep_generic_room_8, uniq_sigmund
D:6:      layout_basic, yredelemnul_forgotten_temple_becter,
          uniq_crazy_yiuf_cottage, uniq_menkaure, uniq_duvessa,
          uniq_blork_the_orc
D:7:      layout_basic, elyvilon_altar_3, fedhas_altar_1, serial_shops, shop,
          nrook_pool_corridor, minmay_misc_feat_nine_boxes
D:8:      cheibrodos_shockbox, layout_basic, evilmike_ruin_ashenzari,
          erik_lair_orcish_takeover, uniq_grum, uniq_erica
D:9:      layout_rooms, grunt_temple_overflow_gold_and_silver
D:10:     layout_cave_pods, uniq_snorg
D:11:     layout_loops_corners, hangedman_fish_farm,
          nicolae_dithmenos_through_a_glass_darkly
D:12:     layout_roguey, orc_0_dummy, uniq_frances, uniq_jorgrun

Skill      XL: |  1  2  3  4  5  6  7  8  9 10 11 12 |
---------------+-------------------------------------+-----
Short Blades   | 3 4 5 7 8 10 11 12 | 12.1
Dodging        | 2 3 4 5 6 7 8 |  8.0
Fighting       | 3 4 5 6 7 8 9 |  9.0
Armour         | 2 3 4 5 6 7 8 |  8.0

Action                   |  1- 3 |  4- 6 |  7- 9 | 10-12 || total
-------------------------+-------+-------+-------+-------++-------
Melee: Short sword       |    46 |       |       |       ||    46
       Bite              |    16 |    48 |   156 |   327 ||   547
       Dagger            |    14 |   166 |   403 |       ||   583
       Quick blade       |       |       |       |   835 ||   835
Throw: Boomerang         |    15 |       |     4 |     5 ||    24
       Dart              |       |       |     5 |     2 ||     7
       Throwing net      |       |       |       |     2 ||     2
Invok: Berserk           |     1 |     4 |       |     2 ||     7
       Trog's Hand       |       |     1 |     1 |     1 ||     3
       Brothers in Arms  |       |       |       |     1 ||     1
  Use: Scroll            |       |       |    16 |     1 ||    17
       Potion            |       |       |     1 |       ||     1
  Eat: Chunk             |     1 |     4 |    11 |    16 ||    32
       Ration            |       |     1 |     1 |     1 ||     3
Armor: Animal skin       |    11 |       |       |       ||    11
       Chain mail        |     5 |    66 |   147 |    82 ||   300
       Troll leather arm |       |       |       |    74 ||    74
Dodge: Dodged            |    34 |    56 |   137 |   222 ||   449

Table legend:
 A = Non-vault XP
 B = Vault XP
 C = Vault XP percentage of total XP
 D = Non-vault monster count
 E = Vault monster count
 F = Vault count percentage of total count
                 A         B        C        D         E       F
            +---------+---------+-------+---------+---------+-------
      Total |   19458 |    7720 |  28.4 |     343 |      48 |  12.3
            +---------+---------+-------+---------+---------+-------
        D:1 |      53 |       0 |   0.0 |      28 |       0 |   0.0
        D:2 |     157 |      46 |  22.7 |      25 |      10 |  28.6
        D:3 |     291 |     281 |  49.1 |      44 |       1 |   2.2
        D:4 |     370 |       0 |   0.0 |      12 |       0 |   0.0
        D:5 |     675 |     302 |  30.9 |      18 |       4 |  18.2
        D:6 |     806 |     526 |  39.5 |      30 |       6 |  16.7
        D:7 |     828 |       0 |   0.0 |      15 |       0 |   0.0
        D:8 |    1240 |    2102 |  62.9 |      29 |      14 |  32.6
        D:9 |    3825 |       0 |   0.0 |      30 |       0 |   0.0
       D:10 |    2435 |    1129 |  31.7 |      38 |       1 |   2.6
       D:11 |    3402 |     305 |   8.2 |      24 |       1 |   4.0
       D:12 |    5376 |    2895 |  35.0 |      50 |       1 |   2.0
      Sewer |       0 |     134 | 100.0 |       0 |      10 | 100.0
            +---------+---------+-------+---------+---------+-------
